[Event "Titled Tuesday Blitz January 03 Late 2023"]
[White "Vifleemskaia, Svetlana"]
[Black "Di Berardino, Diego Rafael"]
[WhiteFideId "4129490"]
[BlackFideId "2105446"]
[WhiteElo "1971"]
[BlackElo "2479"]
[Result "0-1"]
[Round "01"]
[TimeControl "180+2"]
[Date "2023.01.03"]
[WhiteClock "0:00:11"]
[BlackClock "0:00:05"]

1. d4 d5 2. c4 e6 3. Nc3 Be7 4. cxd5 exd5 5. Bf4 Nf6 6. Nf3 O-O 7. e3 c5 8. h3 Nc6 9. Bd3 c4 10. Bc2 a6 11. a4 Nb4 12. Bb1 Be6 13. O-O Bd6 14. Bxd6 Qxd6 15. Ne5 Rab8 16. a5 b5 17. axb6 Rxb6 18. Na4 Rbb8 19. Nc5 Nd7 20. Nexd7 Bxd7 21. e4 dxe4 22. Bxe4 Bc6 23. Bxc6 Qxc6 24. Qe2 Qd5 25. Rac1 Nc6 26. Qxc4 Qxd4 27. Nxa6 Rb6 28. Nc5 Rxb2 29. Nd3 Rd2 30. Qxc6 Rxd3 31. Qc4 g6 32. Qxd4 Rxd4 33. Rc7 h5 34. g3 h4 35. g4 Re8 36. Kg2 Re2 37. Rc6 Kg7 38. Rc7 Ra2 39. Rc6 Rd3 40. Rc4 Raa3 41. Rh1 Ra2 42. Rf1 g5 43. Rc5 Kg6 44. Rf5 f6 45. Rd1 Rxd1 0-1


[Site "https://www.chess.com"]

[Event "Titled Tuesday Blitz January 03 Late 2023"]
[White "Goroshkov, Maksym"]
[Black "Rosenberg, Evan S"]
[WhiteFideId "14142716"]
[BlackFideId "2019299"]
[WhiteElo "2287"]
[BlackElo "1956"]
[Result "0-1"]
[Round "01"]
[TimeControl "180+2"]
[Date "2023.01.03"]
[WhiteClock "0:01:30"]
[BlackClock "0:00:11"]

1. e4 e5 2. d4 exd4 3. c3 Qe7 4. Bd3 d5 5. Qe2 dxe4 6. Bxe4 Nf6 7. Bf3 d3 8. Qxe7+ Bxe7 9. Bf4 c6 10. Nd2 O-O 11. O-O-O Bc5 12. Bg3 Bf5 13. Nb3 Bb6 14. Nh3 a5 15. Nf4 a4 16. Nd4 Bxd4 17. cxd4 a3 18. b3 Na6 19. Nxd3 Bxd3 20. Rxd3 Nb4 21. Rd2 Nfd5 22. Bd6 Rfd8 23. Bxb4 Nxb4 24. Re1 Re8 25. Red1 Re7 26. d5 cxd5 27. Bxd5 g6 28. Bc4 Rc7 29. Kb1 Kg7 30. Rd7 Rxd7 31. Rxd7 Re8 32. Rxf7+ Kh6 33. Kc1 Nxa2+ 34. Kd2 Rd8+ 35. Ke3 Nc3 36. Rxb7 a2 37. Ra7 Rd1 38. b4 a1=Q 39. Rxa1 Rxa1 40. Kd3 Na4 41. b5 Nb2+ 42. Kc3 Nxc4 43. Kxc4 Ra2 44. b6 Rxf2 45. Kc5 Rxg2 46. b7 Rb2 47. Kc6 Kh5 48. Kc7 Kh4 49. b8=Q Rxb8 50. Kxb8 Kh3 51. Kc7 Kxh2 52. Kc6 g5 53. Kd5 g4 54. Ke4 g3 55. Kf3 g2 56. Kg4 g1=Q+ 57. Kh4 Qg3+ 58. Kh5 Kh3 59. Kh6 Qg6# 0-1


[Site "https://www.chess.com"]

[Event "Titled Tuesday Blitz January 03 Late 2023"]
[White "AidenRchess"]
[Black "Khripachenko, Alexander"]
[BlackFideId "54184975"]
[WhiteElo "2398"]
[BlackElo "2110"]
[Result "1/2-1/2"]
[Round "01"]
[TimeControl "180+2"]
[Date "2023.01.03"]
[WhiteClock "0:00:56"]
[BlackClock "0:01:53"]

1. e4 e5 2. Nf3 Nf6 3. Nxe5 d6 4. Nf3 Nxe4 5. Nc3 Nf6 6. d4 g6 7. Bd3 Bg7 8. Bg5 O-O 9. Qd2 Re8+ 10. Ne2 Bg4 11. O-O-O Nc6 12. Bh6 Qd7 13. Bxg7 Kxg7 14. Qf4 Nd5 15. Qg3 Ndb4 16. Rhe1 Nxd3+ 17. Rxd3 Nb4 18. Rb3 a5 19. h3 Be6 20. Re3 Nxa2+ 21. Kb1 Nb4 22. Nc3 Bc4 23. h4 Rxe3 24. Rxe3 Re8 25. Ne4 Ba2+ 26. Kc1 Bd5 27. Nfg5 Bxe4 28. Nxe4 Qc6 29. Nc3 Rxe3 30. fxe3 Qc4 31. Qf3 c6 32. h5 a4 33. Qf4 Qe6 34. h6+ Kg8 35. Ne4 f5 36. Nxd6 Nd5 37. Qe5 Qxe5 38. dxe5 b6 39. Kd2 Kf8 40. c4 Nb4 41. Nc8 b5 42. cxb5 cxb5 43. Nd6 Ke7 44. Nxb5 Ke6 45. Nc3 Kxe5 46. Nxa4 1/2-1/2


[Site "https://www.chess.com"]

[Event "Titled Tuesday Blitz January 03 Late 2023"]
[White "Sebag, Marie"]
[Black "Mayaud, Raphael"]
[WhiteFideId "617822"]
[BlackFideId "627151"]
[WhiteElo "2430"]
[BlackElo "2201"]
[Result "1-0"]
[Round "01"]
[TimeControl "180+2"]
[Date "2023.01.03"]
[WhiteClock "0:00:22"]
[BlackClock "0:00:03"]

1. e4 d5 2. exd5 Qxd5 3. Nc3 Qa5 4. d4 c6 5. Nf3 Nf6 6. Bc4 Bf5 7. Bd2 e6 8. Nd5 Qd8 9. Nxf6+ gxf6 10. Bb3 Nd7 11. Qe2 Qc7 12. Nh4 Bg6 13. O-O-O O-O-O 14. g3 Bd6 15. Nxg6 hxg6 16. h4 f5 17. Bg5 Rde8 18. Kb1 c5 19. dxc5 Nxc5 20. Bf6 Rhg8 21. Bd4 Nxb3 22. cxb3 Kb8 23. Qe3 b6 24. Rc1 Qb7 25. Be5 Bxe5 26. Qxe5+ Ka8 27. Rhd1 Rc8 28. a3 a6 29. b4 Rxc1+ 30. Rxc1 Rc8 31. Rxc8+ Qxc8 32. Qd6 Qb7 33. Ka2 Ka7 34. a4 Ka8 35. b3 Ka7 36. Ka3 Ka8 37. Qd4 Qc7 38. Kb2 Kb7 39. Qd3 Ka7 40. Qe3 Kb7 41. Qd4 Ka7 42. a5 Kb7 43. Qf6 Qd7 44. Ka3 bxa5 45. bxa5 Qd6+ 46. b4 Qd3+ 47. Kb2 Qd2+ 48. Kb3 Qd3+ 49. Qc3 Qd5+ 50. Kb2 Qd1 51. Qe3 Qa4 52. Qd2 Qc6 53. Qd3 Qe4 54. Qxe4+ fxe4 55. g4 Kc6 56. h5 gxh5 57. gxh5 Kd6 58. h6 1-0


[Site "https://www.chess.com"]

[Event "Titled Tuesday Blitz January 03 Late 2023"]
[White "SilverCityIndigo"]
[Black "Ismagilov, Damir"]
[BlackFideId "34199982"]
[WhiteElo "2335"]
[BlackElo "2156"]
[Result "1-0"]
[Round "01"]
[TimeControl "180+2"]
[Date "2023.01.03"]
[WhiteClock "0:00:05"]
[BlackClock "0:00:22"]

1. e4 d6 2. d4 e5 3. Nf3 Nc6 4. Nc3 exd4 5. Nxd4 Bd7 6. Bc4 Nf6 7. O-O Be7 8. Re1 O-O 9. h3 a6 10. a3 h6 11. f4 Nxd4 12. Qxd4 Bc6 13. Bd2 Nd7 14. Qd3 Nc5 15. Qg3 Bh4 16. Qg4 Bxe1 17. Rxe1 Bd7 18. f5 Qf6 19. Nd5 Qd4+ 20. Be3 Qxc4 21. Bxh6 Qd4+ 22. Be3 Qe5 23. Bf4 Bxf5 24. Qh4 g5 25. Qxg5+ Qg7 26. Nf6+ Kh8 27. Qh4+ Bh7 28. Re3 Nxe4 29. Nxe4 Rae8 30. Rg3 Rxe4 31. Rxg7 Kxg7 32. Bh6+ Kh8 33. Qf6+ Kg8 34. Qg7# 1-0


[Site "https://www.chess.com"]

[Event "Titled Tuesday Blitz January 03 Late 2023"]
[White "Msellek, Ilyass"]
[Black "Ankerst, Mihael"]
[WhiteFideId "675938"]
[BlackFideId "14602369"]
[WhiteElo "2420"]
[BlackElo "2370"]
[Result "0-1"]
[Round "01"]
[TimeControl "180+2"]
[Date "2023.01.03"]
[WhiteClock "0:00:53"]
[BlackClock "0:00:50"]

1. d4 Nf6 2. Nf3 g6 3. g3 Bg7 4. Bg2 O-O 5. O-O d6 6. b3 a5 7. a4 c5 8. Bb2 Nc6 9. dxc5 dxc5 10. Nbd2 Bf5 11. Nh4 Bg4 12. h3 Be6 13. Nhf3 Bd5 14. Re1 Qc7 15. e4 Be6 16. Qe2 Rfd8 17. Nc4 Nd4 18. Nxd4 cxd4 19. Na3 Rac8 20. Rad1 Qc5 21. Rd2 Ne8 22. Red1 d3 23. cxd3 Bxb2 24. Nb5 Bd4 25. Kh2 Bxb3 26. Rf1 Bxa4 27. Nxd4 Qxd4 28. f4 Rc3 29. Rf3 Rdc8 30. f5 Rc2 31. h4 Rxd2 32. Qxd2 Rc2 33. Qxa5 Qb2 34. Qxa4 Rxg2+ 35. Kh3 Nf6 36. g4 Qe2 37. Rg3 Rh2# 0-1


[Site "https://www.chess.com"]

[Event "Titled Tuesday Blitz January 03 Late 2023"]
[White "Kujawski, Adam"]
[Black "Baskin, Robert"]
[WhiteFideId "1100920"]
[BlackFideId "24662402"]
[WhiteElo "2173"]
[BlackElo "2442"]
[Result "0-1"]
[Round "01"]
[TimeControl "180+2"]
[Date "2023.01.03"]
[WhiteClock "0:00:02"]
[BlackClock "0:01:12"]

1. e4 Nc6 2. d4 d6 3. Nf3 Nf6 4. Nc3 g6 5. h3 Bg7 6. Be3 O-O 7. a4 a6 8. Be2 e5 9. dxe5 dxe5 10. Bc5 Re8 11. Qd2 h6 12. O-O-O Qxd2+ 13. Rxd2 Be6 14. Rhd1 Bf8 15. Bxf8 Kxf8 16. b3 Ke7 17. Kb2 Rad8 18. Rxd8 Rxd8 19. Rxd8 Kxd8 20. Nd2 Nd4 21. Bc4 Ke7 22. Bxe6 Kxe6 23. b4 h5 24. Nb3 h4 25. Nc5+ Ke7 26. Nxb7 Nh5 27. Nd5+ Kd7 28. Nc5+ Kd6 29. Nxa6 c6 30. Ne3 Nf4 31. Nc5 g5 32. a5 g4 33. c3 Nb5 34. Nf5+ Kc7 35. a6 Nxg2 36. Nxh4 Nxh4 37. hxg4 Nf3 38. c4 Na7 39. Nd3 f6 40. Kc3 Nh2 41. f3 Nxf3 0-1


[Site "https://www.chess.com"]

[Event "Titled Tuesday Blitz January 03 Late 2023"]
[White "Fishbein, Alexander"]
[Black "Alexikov, Alexander"]
[WhiteFideId "2000377"]
[BlackFideId "14103958"]
[WhiteElo "2366"]
[BlackElo "2209"]
[Result "1-0"]
[Round "01"]
[TimeControl "180+2"]
[Date "2023.01.03"]
[WhiteClock "0:00:13"]
[BlackClock "0:00:03"]

1. e4 c5 2. Nf3 d6 3. d4 cxd4 4. Nxd4 Nf6 5. Nc3 a6 6. Be2 e5 7. Nb3 Be6 8. O-O Be7 9. Re1 O-O 10. Bf1 Nbd7 11. Nd5 Nxd5 12. exd5 Bf5 13. a4 Rc8 14. c3 h6 15. a5 Bg5 16. Bxg5 hxg5 17. Nd2 g4 18. Nc4 Nf6 19. Qd2 Ne4 20. Qe3 Nc5 21. b4 Ne4 22. Rac1 Nf6 23. Nb6 Rc7 24. c4 g6 25. c5 Kg7 26. Red1 Rh8 27. cxd6 Qxd6 28. Rxc7 Qxc7 29. d6 Qc2 30. Rc1 Qe4 31. Qxe4 Bxe4 32. Bc4 Rd8 33. Rd1 Kf8 34. Bb3 Bc6 35. Nc4 Ne4 36. Nxe5 Nxd6 37. Nxc6 bxc6 38. Kf1 f5 39. Bc4 Ke7 40. Bxa6 Rb8 41. Rd4 Nb5 42. Bxb5 cxb5 43. Ke2 Ra8 44. Kd3 Ke6 45. Kc3 Rc8+ 46. Kb3 Rc1 47. Rd2 Rb1+ 48. Rb2 Rd1 49. a6 Rd7 50. Ra2 Ra7 51. Kc3 Kd5 52. Kd3 Kd6 53. Kd4 Kc6 54. Ke5 Kb6 55. Kf6 Rxa6 56. Rxa6+ Kxa6 57. Kxg6 Kb6 58. Kxf5 Kc6 59. Ke5 1-0


[Site "https://www.chess.com"]

[Event "Titled Tuesday Blitz January 03 Late 2023"]
[White "Pace, Christopher"]
[Black "Papp, Levente"]
[WhiteFideId "2610167"]
[BlackFideId "751243"]
[WhiteElo "2053"]
[BlackElo "2353"]
[Result "0-1"]
[Round "01"]
[TimeControl "180+2"]
[Date "2023.01.03"]
[WhiteClock "0:00:04"]
[BlackClock "0:01:01"]

1. e4 e6 2. d4 d5 3. Nc3 Bb4 4. e5 Ne7 5. Ne2 c5 6. dxc5 Nbc6 7. a3 Bxc5 8. b4 Bb6 9. Bb2 Nxe5 10. Nxd5 Bxf2+ 11. Kxf2 Ng4+ 12. Ke1 Nxd5 13. c4 Nde3 14. Qxd8+ Kxd8 15. Kd2 Nxc4+ 16. Kc3 Nxb2 17. Kxb2 Ke7 18. Nc3 Bd7 19. Be2 Nf6 20. Bf3 Bc6 21. Rhf1 Bxf3 22. Rxf3 Rhd8 23. Re1 Rd2+ 24. Kb3 Rxg2 0-1


[Site "https://www.chess.com"]

[Event "Titled Tuesday Blitz January 03 Late 2023"]
[White "Golubev, Mikhail"]
[Black "Ward, Ieuan C"]
[WhiteFideId "14100983"]
[BlackFideId "406627"]
[WhiteElo "2461"]
[BlackElo "2028"]
[Result "0-1"]
[Round "01"]
[TimeControl "180+2"]
[Date "2023.01.03"]
[WhiteClock "0:00:01"]
[BlackClock "0:00:02"]

1. e4 c5 2. Nf3 d6 3. d4 cxd4 4. Nxd4 Nf6 5. Nc3 a6 6. Bc4 e6 7. O-O b5 8. Bb3 Be7 9. f4 Qc7 10. f5 e5 11. Nde2 Bb7 12. Nd5 Nxd5 13. Bxd5 Bxd5 14. Qxd5 Qc6 15. Nc3 O-O 16. Qd3 Nd7 17. Nd5 Bd8 18. Be3 Nf6 19. Nxf6+ Bxf6 20. c3 Rfd8 21. Rfd1 Rac8 22. Kf2 Rd7 23. Qd5 h6 24. Qxc6 Rxc6 25. a4 b4 26. cxb4 Rc4 27. Bc5 Be7 28. Kf3 Rb7 29. Bxd6 Bxd6 30. Rxd6 Rbxb4 31. Rxa6 Rb3+ 32. Kf2 Rc2+ 33. Kg1 Rbxb2 34. a5 Rxg2+ 35. Kh1 Rxh2+ 36. Kg1 Rbg2+ 37. Kf1 Rh1+ 38. Kxg2 Rxa1 39. Ra8+ Kh7 40. Ra7 h5 41. Rxf7 Rxa5 42. f6 Ra3 43. Rxg7+ Kh8 44. Rg3 Ra6 45. Rg6 Ra7 0-1


[Site "https://www.chess.com"]

[Event "Titled Tuesday Blitz January 03 Late 2023"]
[White "Wieczorek, Zbigniew"]
[Black "Aldokhin, Ivan"]
[WhiteFideId "1102001"]
[BlackFideId "24115720"]
[WhiteElo "2150"]
[BlackElo "2413"]
[Result "0-1"]
[Round "01"]
[TimeControl "180+2"]
[Date "2023.01.03"]
[WhiteClock "0:00:02"]
[BlackClock "0:00:05"]

1. Nf3 Nf6 2. g3 g6 3. Bg2 Bg7 4. O-O O-O 5. c4 d5 6. cxd5 Nxd5 7. d3 Nc6 8. a3 h6 9. Qc2 e5 10. Nc3 Nde7 11. b4 a6 12. Bb2 g5 13. Ne4 Ng6 14. e3 g4 15. Nfd2 f5 16. Nc5 f4 17. Be4 Qg5 18. Bxc6 bxc6 19. Nde4 Qh5 20. exf4 exf4 21. Bxg7 Kxg7 22. Qc3+ Qe5 23. Rac1 a5 24. Rfe1 Qxc3 25. Nxc3 axb4 26. axb4 Bf5 27. Ne6+ Bxe6 28. Rxe6 Rf6 29. Rxf6 Kxf6 30. Ne4+ Kf5 31. Rc5+ Ne5 32. Nd2 Ra1+ 33. Nf1 Ke6 34. gxf4 Nxd3 35. Rxc6+ Kd5 36. Rxc7 Nxf4 37. b5 Rb1 38. Rb7 Ke4 39. h3 h5 40. hxg4 hxg4 41. b6 Ne2+ 42. Kg2 Nf4+ 43. Kg1 Kf3 44. Rf7 Ke4 45. Kh2 Rxf1 46. b7 Rxf2+ 47. Kg3 Rg2+ 48. Kh4 Rb2 49. Kxg4 Nd5 50. Kg3 Rb3+ 51. Kf2 Rb1 52. Ke2 Rb2+ 53. Kd1 Kd3 54. Kc1 Rc2+ 55. Kd1 Ne3+ 56. Ke1 Re2# 0-1


[Site "https://www.chess.com"]

[Event "Titled Tuesday Blitz January 03 Late 2023"]
[White "De La Colina, Nicolas"]
[Black "Schmidt, Harald"]
[WhiteFideId "30946921"]
[BlackFideId "4648358"]
[WhiteElo "2244"]
[BlackElo "2347"]
[Result "0-1"]
[Round "01"]
[TimeControl "180+2"]
[Date "2023.01.03"]
[WhiteClock "0:00:05"]
[BlackClock "0:00:10"]

1. e4 d6 2. d4 Nf6 3. Nc3 Nc6 4. Nf3 e5 5. d5 Ne7 6. h3 g6 7. Be3 Bg7 8. Qd2 O-O 9. O-O-O b5 10. Bxb5 Bd7 11. Bc4 Nxe4 12. Nxe4 f5 13. Qe2 fxe4 14. Ng5 Nf5 15. Nxe4 Nxe3 16. Qxe3 Rf4 17. g3 Rf8 18. f3 a5 19. h4 a4 20. h5 Bf5 21. hxg6 Bxg6 22. Bd3 a3 23. b3 Qe7 24. Nd2 e4 25. Nxe4 Qe5 26. c3 Rae8 27. Kb1 Qxc3 28. Nxc3 Rxe3 29. Bxg6 hxg6 30. Na4 Rfxf3 31. Rc1 Re7 32. Rhg1 Rf2 33. Rc2 Rxc2 34. Kxc2 Re2+ 35. Kb1 Rd2 36. Rc1 Rxd5 37. Rxc7 Rd3 38. Nb6 Rxg3 39. Nd5 g5 40. Ne7+ Kf8 41. Nf5 Rg1+ 42. Kc2 Rg2+ 43. Kd3 Be5 44. Ra7 Rxa2 45. Ke4 Rf2 46. Rxa3 Rf4+ 47. Kd5 Rxf5 48. Ke6 Rf3 49. Ra8+ Kg7 50. b4 g4 51. Ra7+ Kg6 52. Ra8 g3 53. Ra1 Bxa1 0-1


[Site "https://www.chess.com"]

[Event "Titled Tuesday Blitz January 03 Late 2023"]
[White "Pino Perez, Lazaro"]
[Black "Ballester Llagaria, Luis Eduardo"]
[WhiteFideId "3517055"]
[BlackFideId "2297620"]
[WhiteElo "2142"]
[BlackElo "2298"]
[Result "0-1"]
[Round "01"]
[TimeControl "180+2"]
[Date "2023.01.03"]
[WhiteClock "0:00:07"]
[BlackClock "0:00:07"]

1. d4 d5 2. Bf4 Nf6 3. e3 c5 4. Nf3 Nc6 5. Nbd2 e6 6. c3 cxd4 7. exd4 Nh5 8. Be3 Bd6 9. Ne5 Nf6 10. f4 Qb6 11. Qb3 Qxb3 12. axb3 Nd7 13. g3 f6 14. Nd3 e5 15. dxe5 fxe5 16. fxe5 Ndxe5 17. Nxe5 Nxe5 18. Bb5+ Bd7 19. Bxd7+ Kxd7 20. O-O-O Rhf8 21. Kc2 Ng4 22. Bd4 Nf2 23. Bxf2 Rxf2 24. Rdf1 Raf8 25. Rxf2 Rxf2 26. Rf1 Rxh2 27. Rf7+ Kc6 28. Rxg7 h5 29. Kd3 Rg2 30. Nf1 h4 31. Rg4 hxg3 32. b4 Rf2 33. Ne3 Rxb2 34. Rg5 Rf2 35. Rg6 Kd7 36. Nxd5 Rf3+ 37. Ke2 Rf2+ 38. Kd3 Rf3+ 39. Ke2 Rf5 40. Ne3 Rf2+ 41. Kd3 a6 42. Rg7+ Kc6 43. Rg6 Kc7 44. Rg7+ Kb8 45. Rg6 Bf4 46. Nd5 Be5 47. Rg5 Bd6 48. Rg6 Be5 49. Rg5 Bd6 50. Rg6 g2 51. Ne3 Bh2 52. Rxg2 Rxg2 53. Nxg2 Bd6 54. Ne3 Bc7 55. Kc4 Bd8 56. Kd5 Ka7 57. Nc2 Bf6 58. Kc4 Kb6 59. Ne3 Kc6 60. Nd5 b5+ 61. Kd3 Kxd5 0-1


[Site "https://www.chess.com"]

[Event "Titled Tuesday Blitz January 03 Late 2023"]
[White "Alikhanov, Felix"]
[Black "Dylag, Emilia"]
[WhiteFideId "4157427"]
[BlackFideId "21805172"]
[WhiteElo "2434"]
[BlackElo "2095"]
[Result "1-0"]
[Round "01"]
[TimeControl "180+2"]
[Date "2023.01.03"]
[WhiteClock "0:00:19"]
[BlackClock "0:00:05"]

1. e4 e5 2. Nf3 Nc6 3. Bb5 a6 4. Bxc6 dxc6 5. O-O Bd6 6. c3 Bg4 7. d4 Qe7 8. Be3 O-O-O 9. Nbd2 Nf6 10. dxe5 Bxe5 11. Qc2 Bd6 12. Nd4 c5 13. N4b3 Rhe8 14. f3 Qe5 15. g3 Bh3 16. Nc4 Qe6 17. Nxd6+ cxd6 18. Rfe1 Nd7 19. Bf4 f6 20. Rad1 Nb6 21. Qf2 Na4 22. Rd2 g5 23. Be3 h5 24. Red1 Rd7 25. Bxc5 Red8 26. Bb6 Nxb6 27. Qxb6 g4 28. Nd4 Qe5 29. Nf5 gxf3 30. Nxd6+ Kb8 31. Nc4 f2+ 32. Kxf2 Qxe4 33. Rxd7 Qg2+ 34. Ke3 Re8+ 35. Kd4 Qe4+ 36. Kc5 Rc8+ 37. Kb4 Rxc4+ 38. Kb3 Be6 39. Rd8+ Rc8+ 40. Ka3 Qc4 41. Rxc8+ Bxc8 42. Qd4 Qb5 43. b3 a5 44. c4 Qc6 45. Qd6+ Qxd6+ 46. Rxd6 Kc7 47. Rxf6 1-0


[Site "https://www.chess.com"]

[Event "Titled Tuesday Blitz January 03 Late 2023"]
[White "Torres Dominguez, David"]
[Black "Ozer, Omer Faruk"]
[WhiteFideId "2220857"]
[BlackFideId "6354564"]
[WhiteElo "1994"]
[BlackElo "2360"]
[Result "0-1"]
[Round "01"]
[TimeControl "180+2"]
[Date "2023.01.03"]
[WhiteClock "0:00:01"]
[BlackClock "0:00:02"]

1. e4 c5 2. Nc3 Nc6 3. f4 e6 4. Nf3 d5 5. Bb5 dxe4 6. Bxc6+ bxc6 7. Nxe4 Ba6 8. d3 c4 9. d4 Nf6 10. Nxf6+ gxf6 11. c3 Qd5 12. Be3 Rg8 13. O-O Bb7 14. Rf2 c5 15. dxc5 Rd8 16. Rd2 Bxc5 17. Rxd5 Bxe3+ 18. Kf1 Rxd5 19. Qa4+ Kd8 20. Rd1 Bb6 21. g3 Ke7 22. Rxd5 Bxd5 23. Qb4+ Kd7 24. Nd2 Rc8 25. b3 cxb3 26. axb3 Bc5 27. Qa4+ Bc6 28. Qa5 Bb6 29. Qa6 Kc7 30. Nc4 Rd8 31. Nxb6 axb6 32. Qc4 f5 33. b4 Kb7 34. b5 Bd5 35. Qb4 Rc8 36. Kf2 Rc4 37. Qe7+ Rc7 38. Qb4 Be4 39. Ke3 Rd7 40. Kf2 h5 41. c4 h4 42. gxh4 Rc7 43. h5 f6 44. h6 e5 45. fxe5 fxe5 46. Qd6 f4 47. Qxe5 Rxc4 48. h7 Rc2+ 49. Ke1 Bxh7 50. Qe7+ Rc7 51. Qe5 Rc1+ 52. Kd2 Rc2+ 53. Kd1 Rc7 54. Qxf4 Rd7+ 55. Kc1 Rc7+ 56. Kd1 Bg8 57. Qe4+ Ka7 58. Ke1 Bc4 59. Qe5 Rc5 0-1


[Site "https://www.chess.com"]

[Event "Titled Tuesday Blitz January 03 Late 2023"]
[White "Ilkhomi, Jaloliddin"]
[Black "Coelho, Ramyres Santana"]
[WhiteFideId "14700948"]
[BlackFideId "2120690"]
[WhiteElo "1997"]
[BlackElo "1981"]
[Result "1-0"]
[Round "01"]
[TimeControl "180+2"]
[Date "2023.01.03"]
[WhiteClock "0:01:44"]
[BlackClock "0:00:02"]

1. d4 c5 2. e3 cxd4 3. exd4 Nf6 4. c3 g6 5. Bg5 Bg7 6. Nd2 h6 7. Bh4 g5 8. Bg3 d6 9. Ngf3 Nh5 10. Bd3 Nxg3 11. hxg3 b6 12. Qe2 Bb7 13. O-O-O Nd7 14. Kb1 a5 15. Bb5 O-O 16. Rhe1 e6 17. Bd3 Nf6 18. Ne4 Nxe4 19. Bxe4 Bxe4+ 20. Qxe4 b5 21. Rh1 d5 22. Qd3 f5 23. Rde1 Qd7 24. Ne5 Bxe5 25. Rxe5 Rf6 26. Rhe1 b4 27. c4 dxc4 28. Qxc4 Rc8 29. Rc5 Rd8 30. Rd1 Qd6 31. d5 e5 32. Rc6 Qf8 33. Rxf6 Qxf6 34. d6+ Qf7 35. Qc7 Rd7 36. Qxa5 b3 37. Qxe5 bxa2+ 38. Ka1 Kh7 39. Qd5 Qf6 40. Kxa2 Ra7+ 41. Kb1 Rf7 42. d7 1-0


[Site "https://www.chess.com"]

[Event "Titled Tuesday Blitz January 03 Late 2023"]
[White "Van den Dikkenberg, Erik"]
[Black "Levitskiy, Andrey"]
[WhiteFideId "1005880"]
[BlackFideId "14132885"]
[WhiteElo "2091"]
[BlackElo "2304"]
[Result "0-1"]
[Round "01"]
[TimeControl "180+2"]
[Date "2023.01.03"]
[WhiteClock "0:00:19"]
[BlackClock "0:00:29"]

1. e4 e6 2. d4 d5 3. Nd2 c5 4. exd5 Qxd5 5. Ngf3 cxd4 6. Bc4 Qd6 7. O-O Nf6 8. Re1 Nc6 9. Nb3 Bd7 10. Nbxd4 Nxd4 11. Nxd4 Qc7 12. Bb3 Be7 13. Bg5 O-O 14. Qf3 Rfe8 15. Rad1 Rad8 16. c3 a6 17. h4 h6 18. Bf4 Qa5 19. Re5 Qb6 20. Qg3 Kh8 21. Bxh6 gxh6 22. Qf4 Ng8 23. Qxf7 Bf6 24. Rh5 Bg7 25. Bc2 e5 26. Qg6 Qxg6 0-1


[Site "https://www.chess.com"]

[Event "Titled Tuesday Blitz January 03 Late 2023"]
[White "Carnicelli, Valerio"]
[Black "Lock, Gavin R"]
[WhiteFideId "856185"]
[BlackFideId "408646"]
[WhiteElo "2370"]
[BlackElo "2083"]
[Result "1-0"]
[Round "01"]
[TimeControl "180+2"]
[Date "2023.01.03"]
[WhiteClock "0:01:02"]
[BlackClock "0:00:07"]

1. b3 d5 2. Bb2 c5 3. Nf3 f6 4. c4 d4 5. e3 e5 6. Nxe5 fxe5 7. Qh5+ g6 8. Qxe5+ Qe7 9. Qxh8 Nf6 10. g3 Nc6 11. Bg2 Bd7 12. O-O O-O-O 13. exd4 Bg7 14. Qxd8+ Qxd8 15. dxc5 Nh5 16. Bxg7 Nxg7 17. Nc3 Nd4 18. Nd5 Bc6 19. b4 Ngf5 20. Rab1 h5 21. Rfe1 h4 22. b5 Bxd5 23. cxd5 hxg3 24. hxg3 Qh8 25. d6 Qh5 26. c6 Nf3+ 27. Bxf3 Qxf3 28. Re8# 1-0


[Site "https://www.chess.com"]

[Event "Titled Tuesday Blitz January 03 Late 2023"]
[White "Onslow, Alfie"]
[Black "Martynov, Pavel"]
[WhiteFideId "436976"]
[BlackFideId "4101260"]
[WhiteElo "2157"]
[BlackElo "2414"]
[Result "1-0"]
[Round "01"]
[TimeControl "180+2"]
[Date "2023.01.03"]
[WhiteClock "0:00:13"]
[BlackClock "0:00:18"]

1. e4 c5 2. Nc3 Nc6 3. Bb5 Qc7 4. d3 e6 5. f4 a6 6. Bxc6 Qxc6 7. Nf3 b5 8. O-O Bb7 9. Qe2 Nf6 10. e5 Nd5 11. Nxd5 Qxd5 12. c4 Qc6 13. Be3 d5 14. b3 Be7 15. Rae1 d4 16. Bd2 b4 17. Ng5 h6 18. Ne4 g6 19. Rf3 h5 20. Qf2 a5 21. Ng5 h4 22. Re2 a4 23. Be1 axb3 24. axb3 Ra1 25. Rb2 Bxg5 26. fxg5 Qc7 27. Rf4 Qxe5 28. Re2 Qc7 29. Rxh4 Rf8 30. Qf6 Qc6 31. Rg4 Rd1 32. Rg3 Rb1 33. h4 Qd6 34. Kh2 Kd7 35. h5 gxh5 36. g6 h4 37. Qxh4 fxg6 38. Qh7+ Kc8 39. Qxg6 Rh8+ 40. Kg1 Kb8 41. Rxe6 Qc7 42. Qg7 Rd8 43. Re7 Qc6 44. Rg6 Qc8 45. Rb6 Rxe1+ 46. Rxe1 Rd7 47. Re7 Ka7 48. Rxb7+ Rxb7 49. Rxb7+ Qxb7 50. Qxb7+ Kxb7 51. Kf2 Kc6 52. Kf3 Kd6 53. Ke4 Ke6 54. g4 Kf6 55. Kd5 Kg5 56. Kxc5 Kf4 57. Kxd4 Kf3 58. g5 Ke2 59. g6 Kd2 60. g7 Kc2 61. g8=Q Kxb3 62. c5+ Kc2 63. c6 b3 64. Qc4+ Kb2 65. c7 Ka1 66. c8=Q b2 67. Q8a6+ Kb1 68. Qab5 Ka1 69. Qca4+ Kb1 70. Qab3 Ka1 71. Qxb2# 1-0


[Site "https://www.chess.com"]

[Event "Titled Tuesday Blitz January 03 Late 2023"]
[White "Rosen, Eric"]
[Black "Guo, Josh"]
[WhiteFideId "2032562"]
[BlackFideId "2682427"]
[WhiteElo "2349"]
[BlackElo "2112"]
[Result "1-0"]
[Round "01"]
[TimeControl "180+2"]
[Date "2023.01.03"]
[WhiteClock "0:02:59"]
[BlackClock "0:00:51"]

1. d4 Nf6 2. Bf4 d5 3. e3 c5 4. Nf3 Nc6 5. Nbd2 e6 6. c3 Bd6 7. Bg3 O-O 8. Bb5 Ne7 9. Bd3 b6 10. e4 dxe4 11. Nxe4 Nxe4 12. Bxe4 Rb8 13. dxc5 1-0


[Site "https://www.chess.com"]

[Event "Titled Tuesday Blitz January 03 Late 2023"]
[White "Itkis, Boris"]
[Black "Pinheiro, Iung Alicio de O."]
[WhiteFideId "1209167"]
[BlackFideId "2104350"]
[WhiteElo "2329"]
[BlackElo "2306"]
[Result "1-0"]
[Round "01"]
[TimeControl "180+2"]
[Date "2023.01.03"]
[WhiteClock "0:00:18"]
[BlackClock "0:00:09"]

1. c4 c5 2. Nf3 Nc6 3. Nc3 g6 4. e3 Nf6 5. d4 cxd4 6. exd4 d5 7. cxd5 Nxd5 8. Qb3 e6 9. Nxd5 exd5 10. Bb5 Bg7 11. O-O O-O 12. Bxc6 bxc6 13. Bf4 Qb6 14. Qc3 f6 15. Bd6 Re8 16. Rfe1 Bg4 17. Nd2 a5 18. Bc5 Qb7 19. h3 Bf5 20. Nb3 a4 21. Na5 Qb5 22. Bb4 Bd7 23. a3 Bh6 24. Rad1 Bf4 25. b3 Bc7 26. bxa4 Qxa4 27. Nb3 Qb5 28. Nc5 Bf5 29. g4 Be4 30. f3 Bg3 31. fxe4 Bxe1 32. Rxe1 dxe4 33. Qb3+ Kh8 34. Qf7 Rf8 35. Qc7 Qc4 36. Nxe4 Rf7 37. Qd6 Raf8 38. Qc5 Qa2 39. Qxc6 Re8 40. d5 Re5 41. d6 Qe6 42. Bc3 Rd5 43. Nxf6 Qxd6 44. Nxd5+ 1-0


[Site "https://www.chess.com"]

[Event "Titled Tuesday Blitz January 03 Late 2023"]
[White "Yaran, Siar"]
[Black "Jenkins, Drake"]
[WhiteFideId "6323006"]
[BlackFideId "2022397"]
[WhiteElo "2288"]
[BlackElo "2130"]
[Result "1-0"]
[Round "01"]
[TimeControl "180+2"]
[Date "2023.01.03"]
[WhiteClock "0:00:09"]
[BlackClock "0:00:02"]

1. d4 Nf6 2. c4 c5 3. d5 b5 4. Nd2 b4 5. e4 d6 6. Bd3 g6 7. Ne2 Bg7 8. O-O O-O 9. h3 e6 10. Rb1 exd5 11. cxd5 a5 12. Ng3 Ba6 13. Bxa6 Nxa6 14. Nc4 Re8 15. Qd3 Nc7 16. a4 bxa3 17. bxa3 a4 18. Bf4 Bf8 19. Rb6 Ra6 20. Rfb1 Rxb6 21. Rxb6 Nd7 22. Rc6 Nb5 23. Nxd6 Bxd6 24. Bxd6 Nd4 25. Ra6 Nb8 26. Bxb8 Qxb8 27. Rxa4 h5 28. Rc4 h4 29. Nf1 Qd6 30. Ne3 Ra8 31. Ng4 Qa6 32. Rxd4 cxd4 33. Qxd4 Qxa3 34. Nf6+ Kf8 35. Nd7+ Ke7 36. Qf6+ Ke8 37. Ne5 Qa1+ 38. Kh2 Ra7 39. d6 Qd4 40. Qh8# 1-0


[Site "https://www.chess.com"]